 Seeded DCSS version 0.30.0-5-g1a98f26d00 (webtiles) character file.

Game seed: 4 (custom seed)

455 Kazon the Conjurer (level 7, -8/48 HPs)
             Began as a Human Conjurer on May 12, 2023.
             Killed by divine providence
             ... invoked by an orc priest
              (15 damage)
             ... on level 4 of the Dungeon.
             The game lasted 00:14:46 (2300 turns).

Kazon the Conjurer (Human Conjurer)                 Turns: 2300, Time: 00:14:47

Health: -8/48      AC:  5    Str:  9    XL:     7   Next: 26%
Magic:  11/11      EV: 12    Int: 18    God:
Gold:   185        SH:  0    Dex: 12    Spells: 9/12 levels left

rFire   . . .        a - +3 dagger (distort)
rCold   . . .        (no shield)
rNeg    . . .        e - +0 leather armour
rPois   .            s - +0 helmet
rElec   .            (no cloak)
rCorr   .            j - +0 pair of gloves
SInv    .            (no boots)
Will    .....        (no amulet)
Stlth   ++           (no ring)
HPRegen 0.28/turn    (no ring)
MPRegen 0.12/turn

%: no passive effects
@: lethally poisoned (-8 -> -11)
A: no striking features
a: no special abilities


You were on level 4 of the Dungeon.
You visited 1 branch of the dungeon, and saw 4 of its levels.

You collected 185 gold pieces.

Inventory:

Hand Weapons
 a - a +3 dagger of distortion (weapon)
 c - a +0 club
 l - the +8 hand axe "Killer Klown's Curse" {heavy, Will+}
   (You found it on level 2 of the Dungeon)

   Will:      It increases your willpower.
Missiles
 f - 18 stones
 n - 12 boomerangs
 t - a throwing net
Armour
 e - a +0 leather armour (worn)
 j - a +0 pair of gloves (worn)
 s - a +0 helmet (worn)
Jewellery
 g - an amulet of faith
Wands
 v - a wand of iceblast (6)
Scrolls
 k - a scroll of identify
 m - a scroll of acquirement {unknown}
 o - a scroll of amnesia {unknown}
 p - a scroll of teleportation
 q - a scroll of butterflies {unknown}
Potions
 b - a potion of magic
 d - a potion of invisibility
 h - 3 potions of curing
 i - 2 potions of brilliance
 r - a potion of degeneration {unknown}
 u - a potion of ambrosia {unknown}


   Skills:
 + Level 1.1 Fighting
 + Level 2.3 Short Blades
 + Level 0.8 Maces & Flails
 + Level 2.9 Armour
 + Level 2.8 Dodging
 + Level 3.6 Stealth
 + Level 0.7 Unarmed Combat
 + Level 3.0 Spellcasting
 + Level 4.9 Conjurations


You had 9 spell levels left.
You knew the following spells:

 Your Spells              Type           Power      Damage    Failure   Level
a - Magic Dart            Conj           80%        1d7       3%          1
b - Searing Ray           Conj           40%        2d5       4%          2

Your spell library contained the following spells:

 Spells                   Type           Power      Damage    Failure   Level
 Dazzling Flash           Conj/Hex       22%        N/A       24%         3
 Call Imp                 Summ           4%         N/A       32%         2
 Cigotuvi's Dreadful Rot  Necr/Pois/Air  4%         N/A       32%         2
 Mephitic Cloud           Conj/Pois/Air  8%         N/A       34%         3
 Ignite Poison            Fire/Tmut/Pois 2%         N/A       54%         3
 Fulminant Prism          Conj/Hex       5%         3d7       63%         4
 Iskenderun's Mystic Bla  Conj/Tloc      11%        2d4       63%         4
 Freezing Cloud           Conj/Ice/Air   4%         6-21      97%         5


Dungeon Overview and Level Annotations

Branches:
Dungeon (4/15)
 Temple: D:4-7

Altars:
Gozag
Xom

Shops:
D:1 (([!


Message History

The giant cockroach bites you but does no damage.
You hit the giant cockroach.
You kill the giant cockroach!
The orc barely misses you. The orc wizard closely misses you.
You closely miss the orc wizard.
The orc hits you with a +1 whip of venom.
You are poisoned.
The orc wizard hits you with a +0 dagger.
You hit the orc but do no damage.
Space warps around the orc.
The orc is heavily wounded.
You feel very sick.
You hit the orc wizard but do no damage.
The orc wizard blinks!
You feel sick.
The orc hits you with a +1 whip of venom.
You are more poisoned.
You hit the orc.
Space warps around the orc.
You kill the orc!
You feel very sick. The adder barely misses you.
You hit the adder but do no damage.
You feel very sick. The adder bites you but does no damage.
You closely miss the adder.
You feel sick.
The orc priest calls down the wrath of Beogh upon you.
Beogh smites you!
* * * LOW HITPOINT WARNING * * *
The adder bites you but does no damage.
You closely miss the adder.
You feel sick. The adder bites you but does no damage.
You hit the adder.
The adder is heavily wounded.
The adder blinks!
You feel sick.
An orc comes into view. It is wielding a +0 short sword.
You hit the orc priest.
Space warps horribly around the orc priest!
The orc priest is almost dead.
You feel sick.
The orc priest mumbles some strange prayers to Beogh against you.
Beogh smites you!
You die...

# #. .. ###.## #.
#......#### ..
#.........### . .#
#..<........ .##...
####..###....###......
.....#_#..o...o...# .#
#..#'#...)#@#.##...
##.###.†.......#†# #
...............#S#
.######.##.#####.#
........##.# #?#
##########.. ... #
#### #.. # ### #


You could see an orc priest, an orc wizard and an adder.

Vanquished Creatures
  Sigmund (D:1)
  A scorpion (D:3)
  A hound (D:3)
  An orc priest (D:3)
  An orc wizard (D:3)
  Robin (D:3)
  An adder (D:1)
  3 worms
  6 dart slugs
  11 orcs
  4 ball pythons
  9 endoplasms
  5 giant cockroaches
  16 goblins
  4 hobgoblins
  5 jackals
  4 quokkas
  6 bats
  A frilled lizard (D:3)
  6 kobolds
  8 rats
95 creatures vanquished.

Notes
Turn   | Place    | Note
-------+----------+-------------------------------------------
     0 | D:1      | Kazon the Human Conjurer began the quest for the Orb.
     0 | D:1      | Reached XP level 1. HP: 13/13 MP: 3/3
    35 | D:1      | Found Jiuv Boq's Antique Weapon Shoppe.
    93 | D:1      | Reached XP level 2. HP: 19/19 MP: 1/5
   102 | D:1      | Learned a level 2 spell: Searing Ray
   260 | D:1      | Found Yjadgh's Distillery.
   280 | D:1      | Reached XP level 3. HP: 24/24 MP: 2/6
   422 | D:1      | Found Sosuihit's Armour Shoppe.
   467 | D:1      | Found Cyacs's Weapon Emporium.
   921 | D:2      | Reached XP level 4. HP: 30/30 MP: 4/7
   924 | D:2      | Noticed a great orb of eyes
   925 | D:2      | Found a faded altar of an unknown god.
   950 | D:2      | Noticed an eye of devastation
   956 | D:2      | Noticed an eye of devastation
   960 | D:2      | Noticed a shining eye
  1008 | D:2      | Noticed Sigmund
  1062 | D:1      | Killed Sigmund
  1063 | D:1      | Reached skill level 1 in Short Blades
  1063 | D:1      | Reached XP level 5. HP: 26/36 MP: 8/8
  1063 | D:1      | Reached XP level 6. HP: 31/42 MP: 9/9
  1083 | D:2      | Identified the +8 hand axe "Killer Klown's Curse" {heavy,
                  | Will+}
  1382 | D:3      | Reached skill level 1 in Fighting
  1538 | D:3      | Reached XP level 7. HP: 46/48 MP: 2/11
  1701 | D:3      | Found an opulent altar of Gozag.
  1798 | D:3      | Noticed Robin
  1803 | D:3      | Killed Robin
  2272 | D:4      | Found a shimmering altar of Xom.
  2300 | D:4      | Killed from afar by an orc priest

Illustrated notes

Levels and vault maps discovered:
D:1:      roderic_crossed_star, layout_loops_ring, serial_shops, shop,
          nicolae_shop_tiny_statue_garden, nicolae_shop_tiny_glass, shop
D:2:      cheibrodos_helix_gallery, layout_rooms,
          hellmonk_ecumenical_altar_watching_god, uniq_sigmund
D:3:      layout_basic, nicolae_gozag_seed_capital, nrook_mini_backslash,
          st_stairs_4, serial_bayou_lagoon_b, uniq_robin
D:4:      layout_loops_ring, kennysheep_mini, cheibrodos_ashenzari_chains,
          minmay_temple_entry_junction, ebering_ghost_sewer_d,
          nicolae_wormholes, uniq_ijyb, uniq_eustachio, uniq_edmund

Skill      XL: |  1  2  3  4  5  6  7 |
---------------+----------------------+-----
Short Blades   | 1 2 |  2.3
Armour         | 2 |  2.9
Stealth        | 3 |  3.6
Fighting       | 1 |  1.1
Spellcasting   | 3 |  3.0
Maces & Flails | |  0.8
Dodging        | |  2.8
Unarmed Combat | |  0.7
Conjurations   | |  4.9

Action                     |  1- 3 |  4- 6 |  7- 9 || total
---------------------------+-------+-------+-------++-------
  Melee: Unarmed           |    10 |       |       ||    10
         Club              |    10 |       |       ||    10
         Punch             |     1 |       |       ||     1
         Dagger            |    43 |    45 |    40 ||   128
   Cast: Magic Dart        |    34 |    21 |    14 ||    69
         Searing Ray       |       |     3 |     2 ||     5
    Use: Scroll            |     4 |       |       ||     4
   Stab: Sleeping          |     2 |     3 |     4 ||     9
 Armour: Robe              |     4 |       |       ||     4
         Leather armour    |    10 |    14 |    10 ||    34
  Dodge: Dodged            |    34 |    18 |    17 ||    69
